 Dungeon Crawl Stone Soup version 0.30-a0-358-g0d69a1922f (webtiles) character file.

Game seed: 13458078700414581621

9 lunkers the Covered (level 2, 0/26 HPs)
             Began as an Armataur Fighter on Nov 10, 2022.
             Slain by a rat (3 damage)
             ... on level 1 of the Dungeon.
             The game lasted 00:00:21 (101 turns).

lunkers the Covered (Armataur Fighter)               Turns: 101, Time: 00:00:21

Health: 0/26       AC:  6    Str: 21    XL:     2   Next: 6%
Magic:  2/2        EV:  7    Int:  8    God:
Gold:   0          SH:  4    Dex:  9    Spells: 1/1 levels left

rFire   . . .      SeeInvis .    a - +0 rapier
rCold   . . .      Faith    .    c - +0 buckler
rNeg    . . .      Spirit   .    b - +0 scale mail
rPois   .          Reflect  .    (no helmet)
rElec   .          Harm     .    (no cloak)
rCorr   .          Roll     +    (no gloves)
Will    .....                    (no barding)
Stlth   ..........               (no amulet)
HPRegen 0.24/turn                (no ring)
MPRegen 0.08/turn                (no ring)

@: no status effects
A: large, rugged brown scales 3, deformed body, armoured tail, roll, long
tongue, awkward tongue
a: no special abilities


You were on level 1 of the Dungeon.
You visited 1 branch of the dungeon, and saw 1 of its levels.

Inventory:

Hand Weapons
 a - a +0 rapier (weapon)
Armour
 b - a +0 scale mail (worn)
 c - a +0 buckler (worn)
Scrolls
 e - a scroll of identify {unknown}
Potions
 d - a potion of might


   Skills:
 - Level 2.6 Fighting
 + Level 2.5 Short Blades
 - Level 3.6 Armour
 - Level 3.2 Shields


You had one spell level left.
You didn't know any spells.
Your spell library was empty.

Dungeon Overview and Level Annotations

Branches:
Dungeon (1/15)

Altars:


Innate Abilities, Weirdness & Mutations

You are completely covered in rugged brown scales. (AC +3, +7% HP)
Armour fits poorly on your strangely shaped body.
You have a long armoured tail.
You roll when moving toward enemies. (Rampage)
Your long tongue fully drains potion bottles. (2x potion effects)
Your tongue gives you trouble enunciating. (1.5x scroll delay)


Message History

* * * LOW HITPOINT WARNING * * *
The kobold hits you with a +0 dagger.
* * * LOW HITPOINT WARNING * * *
You completely miss the jackal. You tail-slap the jackal.
You kill the jackal!
You block the jackal's attack. You block the bat's attack.
The jackal bites you but does no damage.
The rat bites you but does no damage. You block the hobgoblin's attack.
The kobold hits you with a +0 dagger.
* * * LOW HITPOINT WARNING * * *
The hobgoblin hits you but does no damage.
You have reached level 2!
You hit the bat.
You kill the bat!
The jackal closely misses you. You block the rat's attack.
The kobold hits you with a +0 dagger.
* * * LOW HITPOINT WARNING * * *
The hobgoblin closely misses you. The hobgoblin barely misses you.
You barely miss the kobold.
Your tail-slap misses the kobold.
You block the jackal's attack. The rat barely misses you.
The kobold hits you but does no damage. The hobgoblin closely misses you.
The hobgoblin hits you but does no damage.
Unknown command.
You closely miss the jackal. You tail-slap the jackal.
The jackal is moderately wounded.
You block the jackal's attack. The jackal barely misses you. The rat bites you.
* * * LOW HITPOINT WARNING * * *
The kobold misses you. The hobgoblin barely misses you.
You block the hobgoblin's attack.
You barely miss the jackal.
The jackal is moderately wounded.
The jackal barely misses you. x2; The rat barely misses you.
The kobold hits you but does no damage. The hobgoblin barely misses you. x2
The jackal closely misses you.
You hit the jackal but do no damage.
The jackal is moderately wounded.
You block the jackal's attack.
The jackal bites you but does no damage.
The jackal barely misses you. The rat bites you.
You die...

#........# ......
#..$.....# ......
#........# ......
#......†.##......
#####............
#............
#............
#.....g......
#...h@Kr.....
#...hrg......
#............
#............
..............
...............
...............
...............


You could see a quokka, 2 jackals, 2 hobgoblins, a kobold and a rat.

Vanquished Creatures
  A bat (D:1)
  3 hobgoblins (D:1)
  A jackal (D:1)
  A kobold (D:1)
  2 frilled lizards (D:1)
8 creatures vanquished.

Notes
Turn   | Place    | Note
-------+----------+-------------------------------------------
     0 | D:1      | lunkers the Armataur Fighter began the quest for the Orb.
     0 | D:1      | Reached XP level 1. HP: 19/19 MP: 1/1
    97 | D:1      | Reached XP level 2. HP: 4/26 MP: 2/2
   101 | D:1      | Slain by a rat

Illustrated notes

Levels and vault maps discovered:
D:1:      dpeg_arrival_short_road, layout_basic

Skill      XL: |  1 |
---------------+----+-----
Short Blades   | 2 |  2.5
Fighting       | |  2.6
Armour         | |  3.6
Shields        | |  3.2

Action                   || total
-------------------------++-------
Melee: Rapier            ||    37
       Tailslap          ||     4
Armor: Scale mail        ||    25
Dodge: Dodged            ||    31
Block: Buckler           ||    17

Table legend: (Time is in decaauts)
 A = Elapsed time spent in this place.
 B = Non-inter-level travel time spent in this place.
 C = Inter-level travel time spent in this place.
 D = Time resting spent in this place.
 E = Time spent auto-exploring this place.
 F = Levels seen in this place.
 G = Mean time per level.
                   A        B        C        D        E       F      G
               +--------+--------+--------+--------+--------+-----+--------+
         Total |    105 |    105 |      0 |      0 |     47 |   1 |  105.0 |
       Dungeon |    105 |    105 |      0 |      0 |     47 |   1 |  105.0 |
               +--------+--------+--------+--------+--------+-----+--------+

Top non-repeatable levels by time:
     D:1: 105 daAuts
